 Dungeon Crawl Stone Soup version 0.22-a0-362-g535178c (webtiles) character file.

13 Amnesiac the Grave Robber (level 2, -3/19 HPs)
             Began as a Mummy Necromancer on Apr 20, 2018.
             Slain by an adder (5 damage)
             ... on level 3 of the Dungeon.
             The game lasted 00:02:06 (837 turns).

Amnesiac the Grave Robber (Mummy Necromancer)        Turns: 837, Time: 00:02:07

Health: -3/19      AC:  2    Str: 11    XL:     2   Next: 24%
Magic:  0/6        EV: 12    Int: 14    God:
Gold:   73         SH:  0    Dex: 12    Spells: 6/7 levels left

rFire    x . .     SeeInvis .   (no weapon)
rCold    + . .     Gourm    .   (no shield)
rNeg     + + +     Faith    .   a - +0 robe
rPois    ∞         Spirit   .   (no helmet)
rElec    .         Reflect  .   (no cloak)
rCorr    .         Harm     .   (no gloves)
MR       .....                  (no boots)
Stlth    ++........             (no amulet)
HPRegen  0.06/turn              (no ring)
MPRegen  0.10/turn              (no ring)

@: no status effects
A: no food or potions, fire vulnerability, cold resistance 1, negative energy
resistance 3, torment resistance, unbreathing
a: no special abilities


You were on level 3 of the Dungeon.
You were not hungry.

You visited 1 branch of the dungeon, and saw 4 of its levels.

You collected 73 gold pieces.

Inventory:

Missiles
 d - 22 stones (quivered)
Armour
 a - a +0 robe (worn)
Scrolls
 b - a scroll of noise {!r, unknown}
 c - 2 scrolls of amnesia {!r, unknown}
 e - 2 scrolls of identify {!r, unknown}
 f - 2 scrolls of remove curse {!r, unknown}


   Skills:
 - Level 1.5 Dodging
 - Level 1.5 Stealth
 + Level 3.3 Spellcasting
 + Level 4.2 Necromancy


You had 6 spell levels left.
You knew the following spells:

 Your Spells              Type           Power        Failure   Level  Hunger
a - Pain                  Necr           ##..         3%          1    N/A

Dungeon Overview and Level Annotations

Branches:
Dungeon (4/15)
 Temple: D:4-7

Altars:

Annotations:
D:2 exclusion: downstairs
D:3 exclusions: centaur, frilled lizard and goblin, Sigmund


Innate Abilities, Weirdness & Mutations

You do not eat or drink.
Your flesh is vulnerable to fire.
You are immune to poison.
Your flesh is cold resistant. (rC+)
You are immune to negative energy. (rN+++)
You are immune to unholy pain and torment.
You can survive without breathing.


Message History

Casting: Pain (safe; 3% risk of failure)
Confirm with . or Enter, or press ? or * to list all spells.
You don't have enough magic to cast that spell.
You hear the drain falling apart.
Casting: Pain (safe; 3% risk of failure)
Confirm with . or Enter, or press ? or * to list all spells.
You don't have enough magic to cast that spell.
Casting: Pain (safe; 3% risk of failure)
Confirm with . or Enter, or press ? or * to list all spells.
You don't have enough magic to cast that spell.
The adder completely misses you.
Casting: Pain (safe; 3% risk of failure)
Confirm with . or Enter, or press ? or * to list all spells.
You don't have enough magic to cast that spell.
Casting: Pain (safe; 3% risk of failure)
Confirm with . or Enter, or press ? or * to list all spells.
You don't have enough magic to cast that spell.
Casting: Pain (safe; 3% risk of failure)
Confirm with . or Enter, or press ? or * to list all spells.
You don't have enough magic to cast that spell.
The adder closely misses you.
Casting: Pain (safe; 3% risk of failure)
Confirm with . or Enter, or press ? or * to list all spells.
You don't have enough magic to cast that spell.
Casting: Pain (safe; 3% risk of failure)
Confirm with . or Enter, or press ? or * to list all spells.
You don't have enough magic to cast that spell.
Your magical contamination has completely faded away.
Casting: Pain (safe; 3% risk of failure)
Confirm with . or Enter, or press ? or * to list all spells.
Aiming: Pain (safe; 3% risk of failure)
Press: ? - help, Shift-Dir - straight line, f/p - adder
Aim: an adder (heavily wounded, chance to defeat MR: 79%)
The adder writhes in agony!
The adder bites you.
* * * LOW HITPOINT WARNING * * *
The adder barely misses you.
Casting: Pain (safe; 3% risk of failure)
Confirm with . or Enter, or press ? or * to list all spells.
You don't have enough magic to cast that spell.
The walls and floor vibrate strangely for a moment.
Casting: Pain (safe; 3% risk of failure)
Confirm with . or Enter, or press ? or * to list all spells.
You don't have enough magic to cast that spell.
The adder closely misses you.
Casting: Pain (safe; 3% risk of failure)
Confirm with . or Enter, or press ? or * to list all spells.
You don't have enough magic to cast that spell.
Casting: Pain (safe; 3% risk of failure)
Confirm with . or Enter, or press ? or * to list all spells.
You don't have enough magic to cast that spell.
Casting: Pain (safe; 3% risk of failure)
Confirm with . or Enter, or press ? or * to list all spells.
You don't have enough magic to cast that spell.
The adder closely misses you.
Casting: Pain (safe; 3% risk of failure)
Confirm with . or Enter, or press ? or * to list all spells.
You don't have enough magic to cast that spell.
Casting: Pain (safe; 3% risk of failure)
Confirm with . or Enter, or press ? or * to list all spells.
Aiming: Pain (safe; 3% risk of failure)
Press: ? - help, Shift-Dir - straight line, f/p - adder
Aim: an adder (severely wounded, chance to defeat MR: 79%)
The adder writhes in agony!
The adder bites you.
You die...

##.#. #.###.......<...##
#... #....o...g...)....
######>.#
########o....#####
....##..# #.#g.## #
.##.##..# #....# #
#.......#
#.#############..# #
.##.#...#
#......o.........# #
)##.#)..#
######S########.## #
.##.#...# #@# #.# #
.##.#...## ###.########.# #
.##.#....#####........o...#
#
.#...............##########
# ##..#....#.####### #
....#.####.# # #...#.# #.#
########## ......####.#
#......... #..........#
#.########


You could see an adder and an orc.

Vanquished Creatures
  An orc (D:3)
  A giant cockroach (D:2)
  2 jackals (D:2)
  5 bats
  2 frilled lizards
  A kobold (D:3)
  2 rats (D:2)
14 creatures vanquished.

Notes
Turn   | Place    | Note
-------+----------+-------------------------------------------
     0 | D:1      | Amnesiac the Mummy Necromancer began the quest for the Orb.
     0 | D:1      | Reached XP level 1. HP: 13/13 MP: 4/4
   129 | D:3      | Noticed Sigmund
   129 | D:3      | Noticed a centaur
   445 | D:2      | Reached XP level 2. HP: 19/19 MP: 4/6
   837 | D:3      | Slain by an adder

Vault maps used:
D:1:      minmay_arrival_doors, supply_closet_lemuel
D:2:      hex_medium
D:3:      first_ration, portal_sewer_entry_e, minmay_misc_feat_room,
          uniq_grinder, uniq_sigmund
D:4:      uniq_ijyb

Skill      XL: |  1 |
---------------+----+-----
Spellcasting   | 3 |  3.3
Dodging        | |  1.5
Stealth        | |  1.5
Necromancy     | |  4.2

Action                   || total
-------------------------++-------
Melee: Unarmed           ||     9
 Cast: Pain              ||    38
Armor: Robe              ||    10
Dodge: Dodged            ||    33

Table legend:
 A = Spawn XP
 B = Non-spawn XP
 C = Spawn XP percentage of total XP
 D = Spawn monster count
 E = Non-spawn monster count
 F = Spawn count percentage of total count
 G = Total turns spent on level
                    A         B        C        D         E        F      G
               +---------+---------+-------+---------+---------+-------+---------
         Total |       0 |      19 |   0.0 |       0 |      14 |   0.0 |   837
               +---------+---------+-------+---------+---------+-------+---------
           D:1 |       0 |       2 |   0.0 |       0 |       2 |   0.0 |    66
           D:2 |       0 |      11 |   0.0 |       0 |       8 |   0.0 |   411
           D:3 |       0 |       6 |   0.0 |       0 |       4 |   0.0 |   358
               +---------+---------+-------+---------+---------+-------+---------
